Unix NetHack Version 5.0.0-0 post-release - last build Jun 10 2026 00:39:30 (3ee93aec679c4c4259841fe613dc97188e26a321,branch:main).

Game began 2026-07-05 18:56:29, ended 2026-07-05 19:03:32.

DaveT, lawful male human Priest

                                 ------
                   -----         |....|                                   ----
   -----------     |...|   ######......###############################    |..|
   |%)[**.%+!|     |...|   #     |....|                              ###`#..`|
   |+!%!+*m!@|     |...|####     |..>.-##                              ###|..|
   |)......@.|     |...-#        |....| ######                         # #----
   --------|--     |...|         -.----      #--------------    ######## ##
           #       |...|          #          #-.............#####         #
           #       -|---                      |....(.......|              #
         ###        #                         |.............###           #
         #          #                         |............|  ##          ##
        ##          ##                        |............|   #           #
    ----|---    -----.----                    --------------   ##          #
    |......|    |........|                                   #####---------#
    |...<..|####.....^...|                                      # |.......|#
    |..{...-#   |........|                                      ##|......).#
    |......|    ----------                                       #|.......|
    |......|                                                     #-.......|
    --------                                                      ---------

DaveT the Acolyte            St:12 Dx:14 Co:17 In:9 Wi:18 Ch:11  Lawful
Dlvl:3  $:0  HP:0(40) Pw:45(45) AC:6  Xp:4 T:1473 

Latest messages:
 You drop a spellbook of healing.
 Kinojevis offers 50 gold pieces for your spellbook of healing.  Sell it? [ynaq] (n) y
 You sold a spellbook of healing for 50 gold pieces.
 You see here a food ration (for sale, 45 zorkmids).
 You see here 10 darts (for sale, 20 zorkmids).
 You see here a blessed potion called fruit juice (for sale, 50 zorkmids).
 What do you want to drop? [$a-fi-nrtuwyzABEG or ?*] y
 You drop a crossbow.
 Kinojevis offers 30 gold pieces for your crossbow.  Sell it? [ynaq] (n) y
 You sold a crossbow for 30 gold pieces.
 What do you want to drop? [$a-fi-nrtuwzABEG or ?*] j
 You drop a cursed crossbow.
 Kinojevis offers 20 gold pieces for your crossbow.  Sell it? [ynaq] (n) y
 You sold a cursed crossbow for 20 gold pieces.
 What do you want to drop? [$a-fik-nrtuwzABEG or ?*] u
 You drop a spear.
 Kinojevis offers 2 gold pieces for your spear.  Sell it? [ynaq] (n) y
 You sold a spear for 2 gold pieces.
 Kinojevis hits the small mimic.
 Kinojevis hits the small mimic.
 What do you want to drop? [$a-fik-nrtwzABEG or ?*] n
 You drop a leathery spellbook.
 Kinojevis offers 50 gold pieces for your leathery spellbook.  Sell it? [ynaq] (n) n
 n - a leathery spellbook.
 You see here a food ration (for sale, 45 zorkmids).
 You see here a visored helmet (for sale, 27 zorkmids).
 "For you, most gracious sir; only 27 zorkmids for this visored helmet."
 H - a visored helmet (unpaid, 27 zorkmids).
 What do you want to take off? [bck or ?*] ?
 You finish taking off your helm.
 What do you want to wear? [kH or ?*] H
 You finish your dressing maneuver.
 What do you want to drop? [$a-fik-nrtwzABEGH or ?*] k
 You drop a +0 iron skull cap.
 Kinojevis offers 5 gold pieces for your iron skull cap.  Sell it? [ynaq] (n) y
 A +0 orcish helm; you sold it for 5 gold pieces.
 You see here 2 red gems (for sale, 7000 zorkmids).
 You see here an orange gem (for sale, 3250 zorkmids).
 You see here 2 pancakes (for sale, 30 zorkmids).
 You see here a thick spellbook (for sale, 667 zorkmids).
 You see here a brilliant blue potion (for sale, 300 zorkmids).
 You see here a wand of lightning (for sale, 175 zorkmids).
 Kinojevis hits!
 Kinojevis hits again!
 Kinojevis hits!
 Kinojevis hits again!
 You die...
 Kinojevis takes all your possessions.
 Do you want to see what you had when you died? [ynq] (y) y
 Do you want to see your attributes? [ynq] (y) q

Inventory:
 Weapons  (')')
  l - 2 +0 orcish daggers
  a - a blessed +1 mace (weapon in right hand)
 Armor    ('[')
  H - a +1 helmet (being worn)
  c - a +0 small shield (being worn)
  b - a burnt +0 robe (being worn)
 Comestibles  ('%')
  e - a clove of garlic
  i - 2 food rations
  f - 2 sprigs of wolfsbane
 Spellbooks  ('+')
  n - a spellbook of detect monsters
 Potions  ('!')
  B - 2 potions of healing
  w - a cursed potion of object detection
  A - a cursed potion of speed
  d - 4 potions of holy water
  r - a potion of water
 Rings    ('=')
  z - a ring of conflict (on left hand)
 Wands    ('/')
  m - a wand of lightning (0:5)
 Tools    ('(')
  t - a magic whistle
  G - a stethoscope
 Gems/Stones  ('*')
  E - a garnet stone

DaveT the Priest's attributes:

Background:
 You were an Acolyte, a level 4 human Priest.
 You were lawful, nominally on a mission for Shan Lai Ching
 who was opposed by Chih Sung-tzu (neutral) and Huan Ti (chaotic).
 You were right-handed.
 You were in the Dungeons of Doom, on level 3.
 You entered the dungeon 1473 turns ago.
 You had 81 experience points, 79 more were needed to attain level 5.

Basics:
 You had 0 out of 40 hit points.
 You had all 45 energy points (spell power).
 Your armor class was 6.
 Your wallet was empty.
 Autopickup was off.

Final Characteristics:
 Your strength was 12 (limit:18/100).
 Your dexterity was 14 (limit:18).
 Your constitution was 17 (limit:18).
 Your intelligence was 9 (limit:18).
 Your wisdom was 18 (limit:18).
 Your charisma was 11 (limit:18).

Final Status:
 You weren't hungry.
 You were unencumbered.
 You were wielding a mace.
 You had basic skill with mace.

Final Attributes:
 You were devoutly aligned.
 You caused conflict.
 You were guarded.
 Your spell casting was enhanced by wearing a robe.
 You are dead.

Miscellaneous:
 You didn't encounter any bones levels.
 Total elapsed playing time was 7 minutes and 2 seconds.

Major events:
 Turn
    1: DaveT the lawful human Priest entered the dungeon
  613: attained the rank of Acolyte (level 3)
 1473: killed by Ms. Kinojevis; the shopkeeper

Spells:
 Name                 Level Category     Fail Retention
 healing                1   healing        0%  76%-100%
 create monster         2   clerical       0%  91%-100%

Skills:
 Fighting Skills
   bare handed combat [Unskilled]
 Weapon Skills
   club               [Unskilled]
   mace               [Basic]
   morning star       [Unskilled]
   flail              [Unskilled]
   hammer             [Unskilled]
   quarterstaff       [Unskilled]
   polearms           [Unskilled]
   spear              [Unskilled]
   trident            [Unskilled]
   lance              [Unskilled]
   bow                [Unskilled]
   sling              [Unskilled]
   crossbow           [Unskilled]
   dart               [Unskilled]
   shuriken           [Unskilled]
   boomerang          [Unskilled]
   unicorn horn       [Unskilled]
 Spellcasting Skills
   healing spells     [Unskilled]
   divination spells  [Unskilled]
   clerical spells    [Basic]

Voluntary challenges:
 Character rerolling was not enabled.
 You were an atheist.
 You never genocided any monsters.
 You never polymorphed an object.
 You never changed form.
 You used no wishes.
Achievements:
 You entered a shop.
 You attained the rank of Acolyte.

 The Dungeons of Doom: levels 1 to 4
    Level 1:
       A fountain.
    Level 2:
       A food shop.
    Level 3: "vault" <- You were here.
       A general store, a fountain.
       Final resting place for
          you, killed by Ms. Kinojevis; the shopkeeper.
    Level 4:


Vanquished creatures:
  2 acid blobs
  a coyote
  2 gas spores
  a hobbit
  a large kobold
  4 jackals
  2 foxes
  a kobold
  3 goblins
  a grid bug
  4 lichens
  a kobold zombie
  8 newts
31 creatures vanquished.

No species were genocided or became extinct.

Game over:
                       ----------
                      /          \
                     /    REST    \
                    /      IN      \
                   /     PEACE      \
                  /                  \
                  |      DaveT       |
                  |       0 Au       |
                  |  killed by Ms.   |
                  |  Kinojevis; the  |
                  |    shopkeeper    |
                  |                  |
                  |       2026       |
                 *|     *  *  *      | *
        _________)/\\_//(\/(/\)/\//\/|_)_______

Goodbye DaveT the Priest...

You died in The Dungeons of Doom on dungeon level 3 with 504 points,
and 0 pieces of gold, after 1473 moves.
You were level 4 with a maximum of 40 hit points when you died.

